 Dungeon Crawl Stone Soup version 0.20-a0-77-g476458c (webtiles) character file.

35 KristoblXynda the Charmwright (level 3, -7/29 HPs)
             Began as a Draconian Skald on Nov 19, 2016.
             Mangled by a worm (10 damage)
             ... on level 2 of the Dungeon.
             The game lasted 00:01:49 (937 turns).

KristoblXynda the Charmwright (Draconian Skald)      Turns: 937, Time: 00:01:50

Health: -7/29      AC:  3    Str: 14    XL:     3   Next: 16%
Magic:  6/6        EV:  9    Int: 13    God:
Gold:   55         SH:  0    Dex: 10    Spells: 1 memorised, 5 levels left

rFire  . . .     SeeInvis .     a - +0 hand axe
rCold  . . .     Gourm    .     (armour unavailable)
rNeg   . . .     Faith    .     (no shield)
rPois  .         Spirit   .     (helmet restricted)
rElec  .         Reflect  .     (no cloak)
rCorr  .         Harm     .     (no gloves)
MR     .....                    f - +0 pair of boots
Stlth  +.........               (no amulet)
                                j - -3 ring of protection (curse)
                                g - -3 ring of evasion (curse)

@: no status effects
A: unfitting armour, cold-blooded, AC +5
a: no special abilities


You were on level 2 of the Dungeon.
You were not hungry.

You visited 1 branch of the dungeon, and saw 2 of its levels.

You collected 55 gold pieces.

Inventory:

Hand Weapons
 a - a +0 hand axe (weapon)
Armour
 f - a +0 pair of boots (worn)
Jewellery
 e - a +3 ring of protection
 g - a cursed -3 ring of evasion (left hand)
 j - a cursed -3 ring of protection (right hand)
Scrolls
 l - a scroll of enchant weapon {unknown}
 m - a scroll of random uselessness {unknown}
Potions
 d - a potion of agility
 k - 2 potions of brilliance {unknown}
Books
 b - a book of Battle

   Spells                             Type                      Level
   a - Infusion                       Charms                       1
   b - Shroud of Golubria             Charms/Translocation         2
   c - Song of Slaying                Charms                       2
   d - Spectral Weapon                Hexes/Charms                 3
   e - Regeneration                   Charms/Necromancy            3
Comestibles
 c - 2 bread rations
 h - a beef jerky
 i - 3 fruits


   Skills:
 - Level 2.1 Fighting
 + Level 2.6 Axes
 + Level 2.1 Dodging
 - Level 2.0 Spellcasting
 + Level 3.0 Charms


You had 5 spell levels left.
You knew the following spells:

 Your Spells              Type           Power        Failure   Level  Hunger
a - Infusion              Chrm           #...         10%         1    ##.....


Dungeon Overview and Level Annotations

Branches:
Dungeon (2/15)

Altars:


Innate Abilities, Weirdness & Mutations

Your plain brown scales are hard. (AC +5)
You cannot fit into any form of body armour.
You are cold-blooded and may be slowed by cold attacks.


Message History

The worm is moderately wounded.
The worm barely misses you.
You barely miss the worm. You tail-slap the worm.
The worm is heavily wounded.
You hit the worm.
The worm is heavily wounded.
The worm bites you!
You barely miss the worm.
The worm is heavily wounded.
The worm bites you!
* * * LOW HITPOINT WARNING * * *
You hit the worm.
The worm is severely wounded.
You hit the worm.
The worm is severely wounded.
The worm barely misses you.
You hit the worm.
The worm is almost dead.
The worm bites you!
You die...

##.# ##.## .........
#..# ##..# #........#
#.####..## #........#
..##...## #.<..
†##..###########...
....###.....#.....##
######......(......##
### #............w..#
..###†..........@...#
#..##...............#
....................#
..†.................#
............[.......#
................$..##
............#.....##
.......######...##..
.......# .........


You could see a worm.

Vanquished Creatures
  3 dart slugs
  A ball python (D:1)
  2 goblins (D:1)
  4 hobgoblins (D:1)
  2 kobolds
  A quokka (D:1)
  4 bats (D:1)
  2 frilled lizards (D:2)
  10 rats
29 creatures vanquished.

Notes
Turn   | Place    | Note
-------+----------+-------------------------------------------
     0 | D:1      | KristoblXynda the Draconian Skald began the quest for the Orb.
     0 | D:1      | Reached XP level 1. HP: 17/17 MP: 3/3
   365 | D:1      | Reached XP level 2. HP: 19/24 MP: 5/5
   722 | D:1      | Reached skill level 3 in Charms
   876 | D:2      | Reached XP level 3. HP: 29/29 MP: 6/6
   937 | D:2      | Mangled by a worm

Vault maps used:
D:1:      dpeg_arrival_ratfight
D:2:      lemuel_tele_altar

Skill      XL: |  1  2 |
---------------+-------+-----
Dodging        | 2 |  2.1
Charms         | 3 |  3.0
Fighting       | |  2.1
Axes           | |  2.6
Spellcasting   | |  2.0

Action                   || total
-------------------------++-------
Melee: Hand axe          ||    84
       Tailslap          ||     7
  Use: Scroll            ||     2
Armor: Skin              ||    33
Dodge: Dodged            ||    45
